 Dungeon Crawl Stone Soup version 0.21-a0-88-g13b9641 (webtiles) character file.

367 vev the Sneak (level 6, -1/36 HPs)
             Began as an Octopode Summoner on June 28, 2017.
             Slain by an orc wizard
             ... wielding a +0 dagger
              (4 damage)
             ... on level 4 of the Dungeon.
             The game lasted 00:07:00 (4398 turns).

vev the Sneak (Octopode Summoner)                   Turns: 4398, Time: 00:07:01

Health: -1/36      AC:  1    Str:  7    XL:     6   Next: 69%
Magic:  1/9        EV: 13    Int: 20    God:
Gold:   129        SH:  0    Dex: 12    Spells: 1/9 levels left

rFire    . . .     SeeInvis .   a - +0 dagger (venom)
rCold    . . .     Gourm    .   (no shield)
rNeg     + . .     Faith    .   (helmet restricted)
rPois    .         Spirit   .   (no amulet)
rElec    .         Reflect  .   q - ring of positive energy
rCorr    .         Harm     .   (no ring)
MR       .....                  (no ring)
Stlth    ++++......             (no ring)
HPRegen  0.12/turn              (no ring)
MPRegen  0.11/turn              (no ring)
                                (no ring)
                                (no ring)

@: very slightly contaminated
A: almost no armour, stealthy swim, amphibious, 8 rings, constrict 8, camouflage
1, gelatinous body 1
a: no special abilities


You were on level 4 of the Dungeon.
You were hungry.

You visited 1 branch of the dungeon, and saw 4 of its levels.

You collected 129 gold pieces.

Inventory:

Hand Weapons
 a - a +0 dagger of venom (weapon)
 b - a +2 short sword of draining
 e - a +0 dagger
Jewellery
 q - a ring of positive energy (left tentacle)
Wands
 w - a wand of iceblast (6/15)
Scrolls
 c - 4 scrolls of identify {unknown}
 d - 2 scrolls of enchant weapon {unknown}
 g - a scroll of immolation {unknown}
 k - a scroll of amnesia {unknown}
 m - 2 scrolls of blinking {unknown}
 n - a scroll of remove curse {unknown}
 s - a scroll of magic mapping {unknown}
 t - a scroll of random uselessness {unknown}
Potions
 f - a potion of cancellation {unknown}
 h - a potion of mutation {unknown}
 i - a potion of curing
 l - a potion of agility {unknown}
 o - a potion of haste {unknown}
 r - 4 potions of lignification {unknown}
 u - 2 potions of ambrosia {unknown}
 z - a potion of resistance {unknown}
Books
 v - a book of Callings

   Spells                             Type                      Level
   a - Summon Small Mammal            Summoning                    1
   b - Call Imp                       Summoning                    2
   c - Call Canine Familiar           Summoning                    3
   d - Summon Guardian Golem          Hexes/Summoning              3
   e - Summon Lightning Spire         Summoning/Air                4
   f - Summon Ice Beast               Ice/Summoning                4
Comestibles
 j - 2 meat rations
 p - 3 royal jellies
 x - 2 bread rations
 A - 2 chunks of flesh
 B - 3 fruits


   Skills:
 - Level 2.0 Dodging
 + Level 6.4 Stealth
 - Level 2.0 Spellcasting
 + Level 5.6 Summonings
 * Level 3.1 Air Magic


You had one spell level left.
You knew the following spells:

 Your Spells              Type           Power        Failure   Level  Hunger
a - Summon Small Mammal   Summ           ###.         1%          1    #......
d - Call Canine Familiar  Summ           ###.....     4%          3    ###....
q - Summon Lightning Spi  Summ/Air       ###.....     26%         4    #####..


Dungeon Overview and Level Annotations

Branches:
Dungeon (4/15)
 Temple: D:4-7

Altars:
Dithmenos
Elyvilon
Makhleb
Okawaru
Qazlal
Uskayaw
Zin

Annotations:
D:3 Grinder


Innate Abilities, Weirdness & Mutations

You cannot wear most types of armour.
You are very stealthy in the water. (Stealth+)
You are amphibious.
You can wear up to eight rings at the same time.
You can use your tentacles to constrict eight enemies at once.
Your skin changes colour to match your surroundings (Stealth+).
Your rubbery body absorbs attacks. (AC +1, EV +1)


Message History

You hit the orc.
The orc is poisoned.
You grab the orc.
The orc is moderately wounded.
You constrict the orc. The orc hits you with a club.
* * * LOW HITPOINT WARNING * * *
Something hits you.
* * * LOW HITPOINT WARNING * * *
Your lightning spire shoots out a bolt of lightning at the orc!
The bolt of electricity hits something.
The bolt of electricity hits the orc.
The orc dies!
The bolt of electricity hits your lightning spire.
Your lightning spire completely resists.
You hit something but do no damage. Your squeeze misses something.
Something hits you.
* * * LOW HITPOINT WARNING * * *
Unknown command.
You hit something but do no damage. Something hits you!
* * * LOW HITPOINT WARNING * * *
Unknown command.
You closely miss something. Something hits you.
You die...

##.##..###....##.....#...
.#+##..#########..[..#...
..........# #....##...
..........# ##....##8..
..........+ ..#.........
..........# ...+....##+##
#...##...## ...##....#
#...##...##....##....#
.........@)....##<...#
.........)...........
.........8..........#
........##....##....
........# ##### .%.######
w.. #... #...


You could see a friendly lightning spire.

Vanquished Creatures
  A crimson imp (D:3)
  Ijyb (D:3)
  2 worker ants (D:4)
  A dart slug (D:1)
  4 bats
  A giant cockroach (D:3)
  4 goblins
  3 hobgoblins
  4 jackals (D:1)
  8 kobolds
  2 quokkas (D:3)
  2 frilled lizards
  4 rats
37 creatures vanquished.

Vanquished Creatures (collateral kills)
  Eustachio (D:4)
  The ghost of anet the Magician, an amateur DEWz (D:4)
  The ghost of vev the Caller, a weakling OpSu (D:3)
  An orc wizard (D:3)
  A worker ant (D:4)
  2 adders (D:3)
  An ooze (D:3)
  2 worms (D:2)
  A dart slug (D:1)
  8 orcs
  A giant cockroach (D:2)
  3 goblins (D:1)
  4 hobgoblins
  9 jackals
  3 kobolds
  5 bats
  4 rats
48 creatures vanquished.

Grand Total: 85 creatures vanquished

Notes
Turn   | Place    | Note
-------+----------+-------------------------------------------
     0 | D:1      | vev the Octopode Summoner began the quest for the Orb.
     0 | D:1      | Reached XP level 1. HP: 11/11 MP: 3/3
    52 | D:1      | Reached skill level 3 in Stealth
    63 | D:1      | HP: 1/11 [jackal (3)]
    64 | D:1      | Reached XP level 2. HP: 2/17 MP: 1/5
   699 | D:1      | Reached skill level 4 in Stealth
   699 | D:1      | Reached XP level 3. HP: 15/21 MP: 2/6
  1256 | D:2      | Found an iron altar of Okawaru.
  1310 | D:2      | Found a shadowy altar of Dithmenos.
  1474 | D:2      | HP: 2/21 [worm (6)]
  1846 | D:2      | Learned a level 3 spell: Call Canine Familiar
  2414 | D:3      | Noticed vev's ghost (weakling OpSu)
  2432 | D:3      | Killed vev's ghost
  2432 | D:3      | Reached XP level 4. HP: 6/27 MP: 1/7
  2716 | D:3      | Reached skill level 5 in Stealth
  2816 | D:3      | Noticed Ijyb
  2831 | D:3      | Killed Ijyb
  2831 | D:3      | Reached skill level 5 in Summonings
  2833 | D:3      | Reached XP level 5. HP: 17/31 MP: 8/8
  2841 | D:3      | Learned a level 4 spell: Summon Lightning Spire
  2975 | D:3      | Found a stormy altar of Qazlal.
  2975 | D:3      | Found a white marble altar of Elyvilon.
  3085 | D:3      | Found a burning altar of Makhleb.
  3311 | D:3      | Reached skill level 1 in Air Magic
  3366 | D:3      | Noticed Grinder
  3535 | D:3      | Found a hide-covered altar of Uskayaw.
  3844 | D:4      | Found a glowing silver altar of Zin.
  3998 | D:4      | Noticed anet's ghost (amateur DEWz)
  4004 | D:4      | Noticed Eustachio
  4012 | D:4      | Killed anet's ghost
  4012 | D:4      | Reached skill level 6 in Stealth
  4012 | D:4      | Reached skill level 2 in Air Magic
  4012 | D:4      | Reached XP level 6. HP: 11/36 MP: 1/9
  4236 | D:4      | Killed Eustachio
  4357 | D:4      | Reached skill level 3 in Air Magic
  4397 | D:4      | HP: 3/36 [something (7)]
  4398 | D:4      | Slain by an orc wizard

Vault maps used:
D:1:      erik_arrival_triangle_large
D:2:      old_standard_altar, lemuel_crystal_altar
D:3:      makhleb_grotto_becter, marbit_many_paths,
          chequers_temple_overflow_statue_of_worship, hangedman_decor_points,
          uniq_ijyb, uniq_grinder
D:4:      old_standard_altar, st_stairs_3, uniq_eustachio

Skill      XL: |  1  2  3  4  5  6 |
---------------+-------------------+-----
Stealth        | 3 4 5 6 |  6.4
Summonings     | 5 |  5.6
Air Magic      | 2 3 |  3.1
Dodging        | |  2.0
Spellcasting   | |  2.0

Action                   |  1- 3 |  4- 6 || total
-------------------------+-------+-------++-------
Melee: Dagger            |    73 |    65 ||   138
       Constrict         |    21 |    18 ||    39
       Unarmed           |     3 |       ||     3
       Tentacles         |     8 |    11 ||    19
 Cast: Summon Small Mamm |    45 |     5 ||    50
       Call Canine Famil |     8 |     9 ||    17
       Summon Lightning  |       |     5 ||     5
 Stab: Sleeping          |     6 |     5 ||    11
  Eat: Chunk             |     6 |     8 ||    14
Armor: Skin              |    11 |     4 ||    15
Dodge: Dodged            |    61 |    44 ||   105
